AoeStats
← NPG | Shimishi Maki

Arena

506738559Analyzed
4v4 RM · 17d ago on Sep 14, 2026· 52m 40s· 8 players
Game mode
Random Map
Map size
Large (8 player)
Population
200
Speed
Normal
Resources
Standard
Victory
Conquest
Starting age
Dark Age
Ending age
Imperial Age
RankedLock teamsTeams togetherTeam positionsShared explorationLock speedFull tech treeHidden civsTurbo modeCheats
Victory
Defeat
🇪🇸 Malay · Spain
1589
+17
🇪🇸 Georgians · Spain
1557
+18
🇦🇷 Mapuche · Argentina
1553
+18
🇪🇸 Berbers · Spain
1548
+18
🇨🇱 Turks · Chile
1688
-22
🇨🇱 Burmese · Chile
1593
-17
🇺🇸 Burgundians · United States
1576
-17
🇨🇱 Byzantines · Chile
1536
-15
The Bloody-Nine
6:14 Double-Bit Axe
11:10 Feudal Age
14:42 Castle Age
12:37 Horse Collar
13:18 Heavy Plow
13:42 Bow Saw
21:08 Wheelbarrow
21:16 Cavalier
23:09 Scale Barding Armor
23:15 Forging
22:42 Light Cavalry
22:57 Light Cavalry
23:22 Light Cavalry
23:27 Light Cavalry
25:03 Chain Barding Armor
24:58 Gold Mining
26:10 Iron Casting
25:45 Light Cavalry
26:55 Devotion
26:33 Light Cavalry
28:06 Loom
28:20 Stone Mining
28:54 Town Watch
29:25 Hand Cart
31:51 Imperial Age
30:33 Coinage
30:43 Gold Shaft Mining
31:44 Two-Man Saw
33:03 Banking
33:17 Plate Barding Armor
33:48 Blast Furnace
32:44 Pikeman
33:24 Squires
33:31 Scale Mail Armor
33:43 Burgundian Vineyards
34:01 Conscription
33:53 Paladin
33:53 Hussar
34:36 Halberdier
35:47 Chain Mail Armor
37:01 Plate Mail Armor
36:17 Man-at-Arms
36:54 Fletching
37:17 Masonry
36:45 Man-at-Arms
37:11 Man-at-Arms
38:44 Plate Barding Armor
38:13 Husbandry
37:33 Hussar
37:40 Man-at-Arms
37:53 Paladin
38:46 Bodkin Arrow
38:21 Man-at-Arms
39:58 Crop Rotation
38:53 Man-at-Arms
40:13 Crop Rotation
39:15 Man-at-Arms
40:08 Bracer
40:44 Architecture
39:46 Man-at-Arms
41:47 Arson
43:03 Ballistics
42:24 Treadmill Crane
42:10 Long Swordsman
45:02 Chemistry
45:06 Hoardings
44:11 Two-Handed Swordsman
45:01 Two-Handed Swordsman
46:32 Hoardings
45:27 Two-Handed Swordsman
45:35 Two-Handed Swordsman
46:42 Champion
49:22 Champion
NPG | DR@CA
11:22 Feudal Age
15:48 Castle Age
14:16 Double-Bit Axe
14:17 Horse Collar
20:12 Wheelbarrow
21:57 Bow Saw
28:08 Imperial Age
25:38 Loom
25:47 Fletching
26:45 Hand Cart
26:38 Bodkin Arrow
26:51 Gold Mining
27:33 Ballistics
27:08 Crossbowman
28:03 Padded Archer Armor
30:05 Chemistry
29:16 Thumb Ring
30:37 Bracer
32:41 Leather Archer Armor
33:10 Arbalester
34:48 Elite Skirmisher
36:20 Ring Archer Armor
37:54 Heavy Plow
38:36 Pikeman
40:06 Scale Mail Armor
40:16 Forging
39:27 Halberdier
41:10 Chain Mail Armor
42:14 Conscription
42:10 Squires
42:46 Iron Casting
43:05 Plate Mail Armor
42:23 Arson
49:04 Hoardings
49:35 Gold Shaft Mining
48:52 Treadmill Crane
49:03 Guard Tower
AiM | PoRRo
10:30 Feudal Age
14:40 Castle Age
13:22 Horse Collar
16:38 Heavy Plow
21:40 Wheelbarrow
23:04 Gold Mining
24:17 Hand Cart
24:47 Loom
25:11 Fletching
29:24 Imperial Age
29:23 Ballistics
30:33 Scale Barding Armor
31:52 Chain Barding Armor
32:01 Forging
31:38 Elite Battle Elephant
32:40 Bloodlines
32:32 Husbandry
33:10 Plate Barding Armor
33:24 Gold Shaft Mining
34:24 Crop Rotation
34:26 Conscription
34:41 Howdah
35:19 Iron Casting
39:01 Blast Furnace
39:42 Pikeman
40:17 Light Cavalry
41:12 Hussar
42:07 Bodkin Arrow
43:44 Halberdier
44:47 Scale Mail Armor
45:58 Squires
45:43 Arson
52:06 Chain Mail Armor
53:37 Plate Mail Armor
NPG | Shimishi Maki
6:54 Loom
10:04 Feudal Age
10:34 Double-Bit Axe
10:31 Horse Collar
17:29 Castle Age
21:28 Imperial Age
19:31 Bow Saw
21:31 Padded Archer Armor
27:38 Heavy Plow
34:39 Wheelbarrow
38:16 Leather Archer Armor
43:39 Fortified Wall
43:34 Fletching
44:11 Parthian Tactics
43:06 Heavy Cavalry Archer
43:52 Thumb Ring
44:44 Ring Archer Armor
44:48 Heavy Cavalry Archer
45:35 Thumb Ring
46:18 Sipahi
46:18 Conscription
48:06 Bodkin Arrow
49:53 Bracer
DK_Nightclaim
10:53 Feudal Age
14:33 Castle Age
12:46 Double-Bit Axe
13:05 Horse Collar
15:32 Gold Mining
16:22 Wheelbarrow
16:21 Fletching
17:54 Bodkin Arrow
22:23 Loom
24:29 Ballistics
29:55 Imperial Age
29:04 Hand Cart
29:51 Bow Saw
30:04 Town Watch
30:52 Bracer
31:42 Padded Archer Armor
31:53 Husbandry
32:03 Bloodlines
32:03 Elite Genitour
33:31 Leather Archer Armor
34:31 Chemistry
33:42 Heavy Plow
35:44 Ring Archer Armor
37:02 Heavy Scorpion
38:34 Fortified Wall
40:21 Conscription
42:59 Scale Barding Armor
43:04 Forging
42:33 Light Cavalry
47:13 Chain Barding Armor
DK_Exmerior
10:34 Feudal Age
14:45 Castle Age
12:32 Double-Bit Axe
13:05 Horse Collar
14:47 Light Cavalry
18:28 Gold Mining
18:53 Bow Saw
21:11 Wheelbarrow
21:17 Bloodlines
21:46 Scale Barding Armor
24:10 Heavy Plow
24:40 Forging
24:48 Gold Mining
30:17 Imperial Age
28:19 Hand Cart
27:49 Loom
28:59 Masonry
29:55 Fletching
30:06 Padded Archer Armor
30:59 Ballistics
30:38 Bodkin Arrow
32:18 Chemistry
30:41 Heavy Cavalry Archer
31:23 Stone Mining
32:12 Crop Rotation
31:59 Bracer
33:18 Parthian Tactics
33:19 Husbandry
33:43 Leather Archer Armor
35:09 Hoardings
35:32 Conscription
36:38 Stone Shaft Mining
36:31 Siege Engineers
36:06 Capped Ram
37:46 Aznauri Cavalry
37:05 Siege Ram
42:29 Coinage
Vlad von Carstein
11:51 Feudal Age
12:31 Feudal Age
15:21 Castle Age
14:10 Double-Bit Axe
14:11 Horse Collar
20:55 Bow Saw
25:46 Wheelbarrow
25:33 Loom
26:36 Heavy Plow
27:44 Gold Mining
30:57 Imperial Age
28:54 Loom
29:34 Hand Cart
30:02 Gold Shaft Mining
29:46 Scale Barding Armor
29:51 Forging
30:55 Conscription
32:33 Husbandry
31:54 Elite Battle Elephant
32:36 Husbandry
33:48 Iron Casting
35:05 Crop Rotation
36:44 Blast Furnace
36:35 Town Watch
38:04 Town Patrol
38:45 Guilds
39:39 Chemistry
38:21 Treadmill Crane
AxD | MatrixWars
10:08 Feudal Age
13:45 Castle Age
11:53 Double-Bit Axe
12:33 Horse Collar
14:40 Bow Saw
23:10 Wheelbarrow
23:18 Loom
23:20 Town Watch
24:52 Hand Cart
25:00 Gold Mining
25:13 Heavy Plow
28:36 Imperial Age
27:31 Forging
28:51 Iron Casting
28:42 Elite Kona
29:50 Conscription
29:48 Butalmapu
30:28 Gold Shaft Mining
29:44 Stone Mining
31:07 Crop Rotation
30:42 Elite Skirmisher
32:39 Blast Furnace
31:33 Fletching
31:55 Padded Archer Armor
33:32 Treadmill Crane
33:54 Bodkin Arrow
35:09 Leather Archer Armor
35:19 Malon
36:07 Ballistics
36:48 Chemistry
35:39 Pikeman
36:45 Halberdier
38:40 Ring Archer Armor
38:19 Scale Mail Armor
39:07 Elite Bolas Rider
41:32 Chain Mail Armor
44:46 Plate Mail Armor
Connection lost

Rejoining the realm…

Still unreachable

The connection could not be restored.

Session expired

The server has moved on; the page needs a fresh start.